 Dungeon Crawl Stone Soup version 0.21-a0-26-g7b23a2f (webtiles) character file.

59 tof the Poker (level 4, 0/34 HPs)
             Began as a Merfolk Gladiator on May 25, 2017.
             Killed from afar by Sigmund (7 damage)
             ... with a puff of flame
             ... on level 2 of the Dungeon.
             The game lasted 00:01:46 (862 turns).

tof the Poker (Merfolk Gladiator)                    Turns: 862, Time: 00:01:47

Health: 0/34       AC:  4    Str: 14    XL:     4   Next: 3%
Magic:  4/4        EV: 14    Int:  7    God:
Gold:   93         SH:  0    Dex: 16    Spells: 3/3 levels left

rFire    . . .     SeeInvis .   a - +0 trident
rCold    . . .     Gourm    .   (no shield)
rNeg     . . .     Faith    .   b - +0 leather armour
rPois    .         Spirit   .   c - +0 helmet
rElec    .         Reflect  .   (no cloak)
rCorr    .         Harm     .   (no gloves)
MR       +....                  (no boots)
Stlth    +.........             (no amulet)
Regen    0.2/turn               h - ring of protection from magic
MPRegen  0.1/turn               (no ring)

@: no status effects
A: change form in water, swift swim, stealthy swim
a: no special abilities


You were on level 2 of the Dungeon.
You were not hungry.

You visited 1 branch of the dungeon, and saw 2 of its levels.

You collected 93 gold pieces.

Inventory:

Hand Weapons
 a - a +0 trident (weapon)
Missiles
 d - 3 throwing nets (quivered)
Armour
 b - a +0 leather armour (worn)
 c - a +0 helmet (worn)
Jewellery
 h - a ring of protection from magic (left hand)
Wands
 p - a wand of random effects (29/48)
Scrolls
 e - 2 scrolls of teleportation {unknown}
 k - a scroll of identify {unknown}
 m - a scroll of enchant armour {unknown}
Potions
 i - 3 potions of curing {unknown}
 j - 2 potions of ambrosia {unknown}
 l - 2 potions of berserk rage {unknown}
 n - a potion of flight {unknown}
 q - a potion of agility {unknown}
Comestibles
 f - 2 bread rations
 g - a royal jelly
 o - 2 chunks of flesh


   Skills:
 + Level 2.8 Fighting
 * Level 5.5 Polearms
 + Level 2.4 Throwing
 + Level 4.7 Dodging


You had 3 spell levels left.
You didn't know any spells.

Dungeon Overview and Level Annotations

Branches:
Dungeon (2/15)

Altars:

Annotations:
D:2 Sigmund


Message History

Something tries to affect you, but you resist.
You miss something. Something hits you but does no damage.
You barely miss something. Something hits you but does no damage.
You puncture something! You puncture something! Something hits you!
* * * LOW HITPOINT WARNING * * *
You completely miss something.
You hear a zap.
Something tries to affect you, but you resist.
You hit something.
You hear a zap.
Something tries to affect you, but you resist.
You hit something but do no damage. Something hits you.
* * * LOW HITPOINT WARNING * * *
You closely miss something. You hit something but do no damage.
You hear some strange, mumbled words.
A puff of flame appears from out of thin air!
The puff of flame hits you!
You die...

.........# ######...# #
.........##### #..#
.############......# ..>#
...............##.## ###
..............#...#
........#####.#.###
........# #.#.# .......@#
#.#.# .......{# #.#.# ###
........# #.#.# ..#
#+####### #.#.# #.# #.#
#.#.# #.# #.# #.#
#.########.########### #.#
#..................... #.#
##########.#############.#


There were no monsters in sight!

Vanquished Creatures
  Terence (D:2)
  A gnoll (D:1)
  2 dart slugs (D:1)
  A leopard gecko (D:1)
  7 bats
  A giant cockroach (D:1)
  2 goblins
  A hobgoblin (D:1)
  2 frilled lizards (D:1)
  A kobold (D:2)
  3 rats (D:1)
22 creatures vanquished.

Notes
Turn   | Place    | Note
-------+----------+-------------------------------------------
     0 | D:1      | tof the Merfolk Gladiator began the quest for the Orb.
     0 | D:1      | Reached XP level 1. HP: 16/16 MP: 1/1
    64 | D:1      | Reached XP level 2. HP: 17/23 MP: 2/2
    90 | D:1      | Reached skill level 5 in Polearms
   211 | D:1      | Reached XP level 3. HP: 28/28 MP: 3/3
   513 | D:2      | Noticed Terence
   536 | D:2      | Killed Terence
   536 | D:2      | Reached XP level 4. HP: 15/34 MP: 4/4
   845 | D:2      | Noticed Sigmund
   862 | D:2      | Killed from afar by Sigmund

Vault maps used:
D:1:      mushboom_english_gardens
D:2:      gammafunk_temple_overflow_wave, lemuel_coloured_pillars_altar,
          uniq_sigmund, uniq_terence, uniq_robin

Skill      XL: |  1  2 |
---------------+-------+-----
Polearms       | 5 |  5.5
Fighting       | |  2.8
Throwing       | |  2.4
Dodging        | |  4.7

Action                   |  1- 3 |  4- 6 || total
-------------------------+-------+-------++-------
Melee: Trident           |    77 |    24 ||   101
 Stab: Sleeping          |     1 |     1 ||     2
Armor: Leather armour    |    22 |     3 ||    25
Dodge: Dodged            |    44 |     8 ||    52
